 Dungeon Crawl Stone Soup version 0.31.0-2-g5a2aebc5c2 (webtiles) character file.

Game seed: 8156468417189506809

15206751 shadowrider38 the Conqueror (level 27, 174/174 HPs)
             Began as a Vine Stalker Fighter on Jan 21, 2024.
             Was an Initiate of Gozag.
             Escaped with the Orb
             ... and 15 runes
             ... and 1 gem (intact)!
             The game lasted 03:44:54 (103520 turns).

shadowrider38 the Conqueror (VSFi)                Turns: 103520, Time: 03:44:55

Health: 174/174    AC: 42    Str: 23    XL:     27
Magic:  40/40      EV: 14    Int:  8    God:    Gozag
Gold:   4868       SH: 35    Dex: 30    Spells: 51/51 levels left

rFire   + + +        a - +8 demon trident "Rift" {distort, reach+}
rCold   + + +        E - +6 tower shield {AC+3}
rNeg    + + +        N - +8 plate armour "Esaogh" {rF++ rC- Regen+ Slay+2}
rPois   ∞            M - +2 hat "Ylosuo" {^Contam Rampage Dex+6 SInv}
rElec   +            q - +2 cloak {Will+}
rCorr   .            w - +2 pair of gloves of the Moon {rN+}
SInv    +            s - +1 pair of boots of Gyosoet {rC+}
Will    +++++        x - amulet of magic regeneration Stlth
                     l - ring "Isaawoew" {^Drain rElec rF+ rC+}
HPRegen 2.09/turn    f - ring of protection from fire
MPRegen 0.67/turn

%: guardian spirit, rampage
@: death-form, studying 4 skills
A: vile attack, torment immunity, no potions, fangs 3, regeneration 1, magic
shield, antimagic bite, no potion heal 2, cold resistance 1, strong-willed 1
0: Orb of Zot
}: 15/15 runes: decaying, serpentine, slimy, silver, golden, iron, obsidian,
icy, bone, abyssal, demonic, glowing, magical, fiery, dark
a: Siphon Essence, Begin Untransformation, Renounce Religion, Potion Petition,
Call Merchant, Bribe Branch


You escaped.
You worshipped Gozag.
Gozag was most pleased with you.
You were an undying horror.
You visited 18 branches of the dungeon, and saw 88 of its levels.
You visited Pandemonium 2 times, and saw 13 of its levels.
You visited the Abyss 3 times.
You visited 1 ziggurat, and saw 8 of its levels.

You collected 44334 gold pieces.
You spent 6720 gold pieces at shops.
You paid 32746 gold pieces to Gozag.

Inventory:

Hand Weapons
 a - the +8 demon trident "Rift" (weapon) {distort, reach+}
   (You found it on level 3 of the Crypt)
 b - a +9 rapier of flaming
Missiles
 F - 15 curare-tipped darts
 Z - 2 throwing nets
Armour
 p - a +8 tower shield of cold resistance
 q - a +2 cloak of willpower (worn)
 s - the +1 pair of boots of Gyosoet (worn) {rC+}
   (You acquired it on level 4 of the Snake Pit)

   rC+:       It protects you from cold.
 w - the +2 pair of gloves of the Moon (worn) {rN+}
   (You bought it in a shop on level 3 of the Snake Pit)

   rN+:       It protects you from negative energy.
 E - a +6 tower shield of protection (worn)
 G - a +2 plate armour of fire resistance
 M - the +2 hat "Ylosuo" (worn) {^Contam Rampage Dex+6 SInv}
   (You found it on level 5 of the Lair of Beasts)

   Dex+6:     It affects your dexterity (+6).
   SInv:      It lets you see invisible.
   ^Contam:   It causes magical contamination when unequipped.
   Rampage:   It bestows one free step when moving towards enemies.
 N - the +8 plate armour "Esaogh" (worn) {rF++ rC- Regen+ Slay+2}
   (You found it on level 3 of the Realm of Zot)

   Slay+2:    It affects your accuracy & damage with ranged weapons and melee
   (+2).
   rF++:      It greatly protects you from fire.
   rC-:       It makes you vulnerable to cold.
   Regen+:    It increases your rate of health regeneration.
Jewellery
 c - the ring of Perhih {rCorr MP+9}
   (You bought it in a shop on level 4 of the Depths)

   [ring of resist corrosion]

   MP+9:      It affects your magic capacity (+9).
   rCorr:     It protects you from acid and corrosion.
 f - a ring of protection from fire (right hand)
 l - the ring "Isaawoew" (left hand) {^Drain rElec rF+ rC+}
   (You found it on level 6 of a ziggurat)

   [ring of protection from cold]

   rF+:       It protects you from fire.
   rC+:       It protects you from cold.
   rElec:     It insulates you from electricity.
   ^Drain:    It drains your maximum health when unequipped.
 m - the ring "Hoeraedgh" {Will+ Int+6 Dex+2 Slay+2}
   (You found it in Pandemonium)

   [ring of intelligence]

   Int+6:     It affects your intelligence (+6).
   Dex+2:     It affects your dexterity (+2).
   Slay+2:    It affects your accuracy & damage with ranged weapons and melee
   (+2).
   Will+:     It increases your willpower.
 x - an amulet of magic regeneration (around neck)
 V - a +5 ring of evasion
Talismans
 o - a talisman of death (active)
Wands
 A - a wand of acid (28)
 D - a wand of digging (18)
 I - a wand of roots (76)
 P - a wand of paralysis (66)
Scrolls
 k - 2 scrolls of enchant weapon
 r - 4 scrolls of immolation
 t - 8 scrolls of poison
 u - 6 scrolls of vulnerability
 y - 5 scrolls of silence {!r}
 B - 3 scrolls of blinking
 L - 5 scrolls of fear
 O - 5 scrolls of fog
 R - 2 scrolls of torment
 T - 6 scrolls of teleportation
Potions
 d - 8 potions of might
 e - 11 potions of lignification
 g - 2 potions of invisibility
 h - 9 potions of enlightenment
 i - 9 potions of resistance
 j - 7 potions of attraction
 n - 4 potions of ambrosia
 v - a potion of cancellation
 C - 5 potions of berserk rage
 H - 16 potions of haste
 Q - 22 potions of curing
 S - 7 potions of mutation
 W - a potion of magic
Miscellaneous
 z - a lightning rod (4/4)
 K - a phantom mirror
 U - a phial of floods
 X - a box of beasts
 Y - a tin of tremorstones (2/2)


   Skills:
 O Level 27 Fighting
 - Level 20.0 Short Blades
 + Level 18.1 Polearms
 - Level 20.0 Armour
 - Level 8.0 Dodging
 O Level 27 Shields
 - Level 12.9 Spellcasting
 - Level 18.0 Evocations
 - Level 23.0 Shapeshifting


You had 51 spell levels left.
You didn't know any spells.
Your spell library contained the following spells:

 Spells                   Type           Power      Damage    Failure   Level
 Foxfire                  Conj/Fire      20%        2x1d5     56%         1
 Freeze                   Ice            20%        1d4       56%         1
 Magic Dart               Conj           20%        1d4       56%         1
 Necrotise                Necr           20%        1d5       56%         1
 Shock                    Conj/Air       20%        1d4       56%         1
 Slow                     Hex            20%        N/A       56%         1
 Sting                    Conj/Alch      20%        1d4       56%         1
 Summon Small Mammal      Summ           20%        N/A       56%         1
 Blink                    Tloc           10%        N/A       71%         2
 Cigotuvi's Dreadful Rot  Necr/Alch/Air  10%        N/A       71%         2
 Ensorcelled Hibernation  Hex/Ice        10%        N/A       71%         2
 Jinxbite                 Hex            10%        N/A       71%         2
 Lesser Beckoning         Tloc           10%        N/A       71%         2
 Mercury Vapours          Alch/Air       10%        N/A       71%         2
 Momentum Strike          Conj/Tloc      10%        3d8       71%         2
 Scorch                   Fire           10%        2d5       71%         2
 Searing Ray              Conj           10%        2d4       71%         2
 Sublimation of Blood     Necr           5%         N/A       71%         2
 Call Canine Familiar     Summ           5%         N/A       91%         3
 Confusing Touch          Hex            5%         N/A       91%         3
 Dazzling Flash           Conj/Hex       10%        N/A       91%         3
 Frozen Ramparts          Ice            10%        1d2       91%         3
 Fugue of the Fallen      Necr           5%         N/A       91%         3
 Gell's Gravitas          Tloc           5%         N/A       91%         3
 Hailstorm                Conj/Ice       5%         3d5       91%         3
 Inner Flame              Hex/Fire       5%         N/A       91%         3
 Mephitic Cloud           Conj/Alch/Air  5%         N/A       91%         3
 Ozocubu's Armour         Ice            5%         N/A       91%         3
 Passwall                 Erth           5%         N/A       91%         3
 Sigil of Binding         Hex            5%         N/A       91%         3
 Stone Arrow              Conj/Erth      10%        3d7       91%         3
 Summon Ice Beast         Ice/Summ       5%         N/A       91%         3
 Swiftness                Air            5%         N/A       91%         3
 Teleport Other           Tloc           5%         N/A       91%         3
 Vampiric Draining        Necr           5%         2d6       91%         3
 Volatile Blastmotes      Fire/Tloc      10%        2d10      91%         3
 Airstrike                Air            2%         2d(1-17)  100%        4
 Anguish                  Hex/Necr       2%         N/A       100%        4
 Animate Armour           Summ/Erth      10%        N/A       100%        4
 Brom's Barrelling Bould  Conj/Erth      5%         2d3       100%        4
 Cause Fear               Hex            2%         N/A       100%        4
 Dimensional Bullseye     Hex/Tloc       2%         N/A       100%        4
 Dispel Undead            Necr           5%         3d7       100%        4
 Flame Wave               Conj/Fire      5%         2d5       100%        4
 Fulminant Prism          Conj/Alch      2%         3d5       100%        4
 Ignite Poison            Fire/Alch      5%         N/A       100%        4
 Iskenderun's Mystic Bla  Conj/Tloc      5%         2d3       100%        4
 Leda's Liquefaction      Alch/Erth      2%         N/A       100%        4
 Manifold Assault         Tloc           5%         N/A       100%        4
 Martyr's Knell           Necr/Summ      5%         N/A       100%        4
 Olgreb's Toxic Radiance  Alch           5%         N/A       100%        4
 Petrify                  Alch/Erth      5%         N/A       100%        4
 Sticky Flame             Fire/Alch      5%         2d4       100%        4
 Summon Blazeheart Golem  Fire/Summ      5%         N/A       100%        4
 Summon Lightning Spire   Summ/Air       5%         N/A       100%        4
 Vhi's Electric Charge    Tloc/Air       10%        N/A       100%        4
 Arcjolt                  Conj/Air       2%         1d12      100%        5
 Borgnjor's Vile Clutch   Necr/Erth      2%         N/A       100%        5
 Curse of Agony           Necr           5%         N/A       100%        5
 Fireball                 Conj/Fire      2%         3d4       100%        5
 Freezing Cloud           Conj/Ice/Air   2%         6-21      100%        5
 Irradiate                Conj/Alch      2%         3d12      100%        5
 Lee's Rapid Deconstruct  Erth           2%         3d5*      100%        5
 Metabolic Englaciation   Hex/Ice        2%         N/A       100%        5
 Silence                  Hex/Air        2%         N/A       100%        5
 Summon Forest            Summ/Tloc      2%         N/A       100%        5
 Summon Mana Viper        Hex/Summ       5%         N/A       100%        5
 Yara's Violent Unravell  Hex/Alch       2%         3d3       100%        5
 Bombard                  Conj/Erth      2%         9d1       100%        6
 Death Channel            Necr           2%         N/A       100%        6
 Dispersal                Tloc           2%         N/A       100%        6
 Eringya's Noxious Bog    Alch           2%         4d6       100%        6
 Plasma Beam              Fire/Air       2%         2x1d12    100%        6
 Sculpt Simulacrum        Ice/Alch       2%         N/A       100%        6
 Starburst                Conj/Fire      2%         6d3       100%        6
 Summon Cactus Giant      Summ           2%         N/A       100%        6
 Enfeeble                 Hex            2%         N/A       100%        7
 Haunt                    Necr/Summ      2%         N/A       100%        7
 Malign Gateway           Summ/Tloc      2%         N/A       100%        7
 Monstrous Menagerie      Summ           2%         N/A       100%        7
 Ozocubu's Refrigeration  Ice            2%         4d8       100%        7
 Summon Hydra             Summ           2%         N/A       100%        7
 Borgnjor's Revivificati  Necr           2%         N/A       100%        8
 Discord                  Hex            2%         N/A       100%        8
 Disjunction              Tloc           2%         N/A       100%        8
 Ignition                 Fire           2%         3d3       100%        8
 Infestation              Necr           2%         N/A       100%        8
 Lehudib's Crystal Spear  Conj/Erth      2%         10d2      100%        8
 Maxwell's Capacitive Co  Air            2%         ∞         100%        8
 Summon Horrible Things   Summ           2%         N/A       100%        8
 Chain Lightning          Conj/Air       2%         3d3       100%        9
 Death's Door             Necr           2%         N/A       100%        9
 Dragon's Call            Summ           2%         N/A       100%        9
 Fire Storm               Conj/Fire      2%         8d1       100%        9
 Polar Vortex             Ice            2%         N/A       100%        9
 Shatter                  Erth           2%         3d6*      100%        9
 Animate Dead             Necr           Unusable   N/A       N/A         4

Dungeon Overview and Level Annotations

Branches:
Dungeon (15/15)            Temple (1/1) D:7            Lair (5/5) D:8
  Swamp (4/4) Lair:3        Snake (4/4) Lair:3        Slime (5/5) Lair:4
    Orc (2/2) D:10            Elf (3/3) Orc:2        Vaults (5/5) D:14
  Crypt (3/3) Vaults:3       Tomb (3/3) Crypt:3      Depths (4/4) D:15
   Hell (visited)             Dis (7/7) Hell            Geh (7/7) Hell
    Coc (7/7) Hell            Tar (7/7) Hell            Zot (5/5) Depths:4

Altars:
Ashenzari
Cheibriados
Dithmenos
Elyvilon
Fedhas
Gozag
Hepliaklqana
Kikubaaqudgha
Makhleb
Nemelex Xobeh
Okawaru
Qazlal
Ru
Sif Muna
Trog
Uskayaw
Vehumet
Wu Jian
Xom
Yredelemnul
Zin
The Shining One

Shops:
D:4 :   D:11 (   D:15 [   Orc:2 ?[=*   Elf:3 ?   Snake:1 (   Snake:3 [!*=
Vaults:3 !   Zot:5 *   Depths:2 (   Depths:3 [   Depths:4 =[

Portals:
Hell: Depths:1 Depths:2 Depths:3 Depths:4
Abyss: Depths:3
Pandemonium: Depths:2 Depths:4

Annotations:
Lair:3 exclusion: downstairs
Swamp:2 1 transporter, Gokhumny's ghost, adept GnFi
Vaults:1 3 runed translucent doors, exclusion: obsidian statue, jestert79's ghost, adept GnWn
Dis:7 Dispater
Zot:3 exclusion: downstairs
Abyss:1 Antaeus; Asmodeus; Ereshkigal


Innate Abilities, Weirdness & Mutations

You are an undying horror.
Your melee and unarmed attacks drain, slow and weaken victims.
You are immune to unholy pain and torment.
You cannot drink.
You are immune to poison.
You have razor-sharp teeth.
Your natural rate of healing is unusually fast.
When hurt, damage is shared between your health and your magic reserves.
Your bite disrupts and absorbs the magic of your enemies.
Potions cannot restore your health.
Your flesh is cold resistant. (rC+)
You are strong-willed. (Will+)


Message History

You bite the sun demon, but do no damage.
The sun demon is lightly wounded.
The sun demon blinks!
You block the sun demon's attack. x2
You impale the sun demon!!
The sun demon decays.
Space warps horribly around the sun demon.
You bite the sun demon! You drain its power.
The sun demon is almost dead.
You block the sun demon's attack. x2
The sun demon is no longer moving slowly.
The sun demon is no longer weakened.
You hit the sun demon but do no damage.
Space warps around the sun demon.
You bite the sun demon.
You kill the sun demon!
You feel your strength returning. You block the sun demon's attack. x2
You impale the sun demon!!
The sun demon decays.
Space warps horribly around the sun demon!
Your bite misses the sun demon.
The sun demon is almost dead.
A Hell Sentinel comes into view.
The sun demon hits you but does no damage.
You block the Hell Sentinel's attack. x2; You block the sun demon's attack.
You puncture the Hell Sentinel!
The Hell Sentinel decays.
The Hell Sentinel is devoured by a tear in reality.
You closely miss the sun demon. You bite the sun demon. You drain its power.
The sun demon is almost dead.
You block the sun demon's attack. x2
You impale the sun demon!!
The sun demon decays.
Space warps horribly around the sun demon!!
You bite the sun demon.
You kill the sun demon!
No target in view!
A sun demon is nearby!
Unknown command.
You impale the sun demon!!
You kill the sun demon!
No target in view!
Vukicurgh comes into view.
Blink to where?
Press: ? - help, Dir - move target You can't see that place. [the floor.]
Okay, then.
Blink to where?
Press: ? - help, Dir - move target
As you read the scroll of blinking, it crumbles to dust.
Blink to where?
Press: ? - help, Dir - move target
As you read the scroll of blinking, it crumbles to dust.
You have escaped!

############.#####...##.##
.....).............#.....########
########.#########...##.##.......
####.# ##.###.##.###### ####.##.#
#..##.##.#
#....#########♣♣♣♣#.##.##.#
##.#..+.......##§....##.##.#
....§§#........###..)##....#
####§§+.........z###.#######
#.§#........###.#.#
####..'.......##§§...#
..#.§.#########♣♣♣♣#.# # #...#.#
#.# # #.##### #.# # #.# #.# #
..############# #.# #
#.............######.##### #


There were no monsters in sight!

Vanquished Creatures
  Cerebov (Pan)
  Mnoleg (Pan)
  Dissolution (Slime:1)
  the Royal Jelly (Slime:5)
  Lom Lobon (Pan)
  A dread lich (Vaults:5)
  6 ancient liches
  Mara (Snake:3)
  2 pandemonium lords
  3 orbs of fire (Zot:5)
  A juggernaut (Depths:2)
  Sojobo (Vaults:5)
  11 royal mummies (Tomb:1)
  Bai Suzhen (Vaults:3)
  19 shard shrikes
  4 Killer Klowns
  14 caustic shrikes
  2 curse toes
  4 profane servitors
  Geryon (Hell)
  6 golden dragons
  Norris (Vaults:2)
  2 bone dragons
  17 Tzitzimimeh
  10 Brimstone Fiends
  Jory (Vaults:3)
  4 doom hounds
  An electric golem (Zot:5)
  2 spectral shard shrikes
  5 hellephants
  Rupert (Lair:4)
  5 iron giants
  A walking earthen tome (Depths:2)
  21 Ice Fiends
  15 tentacled monstrosities
  4 Hell Sentinels
  A shard shrike skeleton (Crypt:2)
  7 liches
  9 tainted leviathans
  4 walking frostbound tomes
  13 searing wretches
  14 Executioners
  11 titans
  19 acid blobs
  22 Orb Guardians
  3 deep elf master archers
  A deep elf blademaster (Elf:3)
  9 death cobs
  8 quicksilver dragons
  14 sphinxes
  21 ancient champions
  8 thorn hunters
  2 tentacled starspawn
  The ghost of Dittersdorf the Severer, an adept MiBe of Trog (Snake:3)
  7 tengu reavers
  12 storm dragons
  13 shadow dragons
  8 azure jellies
  The ghost of Tuffe the Warrior, an adept FoFi of Okawaru (Snake:4)
  Donald (Swamp:4)
  2 fenstrider witches
  9 demonspawn warmongers
  11 draconian monks
  A revenant (Crypt:3)
  6 nagarajas
  17 fire giants
  6 rockslimes
  7 protean progenitors
  12 narguns
  31 balrugs
  12 vault wardens
  20 frost giants
  4 draconian knights
  4 draconian scorchers
  10 quicksilver elementals
  8 deep elf sorcerers
  2 spectral juggernauts
  6 iron dragons
  A draconian shifter (Zot:3)
  A caustic shrike zombie (Crypt:2)
  Louise (Elf:3)
  6 deep elf elementalists
  2 curse skulls
  9 shard shrike simulacra
  10 reapers
  5 orc warlords
  An angel (Depths:2)
  11 ghouls
  2 caustic shrike skeletons (Pan)
  5 draconian annihilators
  4 demonspawn corrupters
  15 cacodemons
  9 draconian stormcallers
  4 ironbound thunderhulks
  8 ironbound preservers
  4 formless jellyfish
  19 stone giants
  4 demonspawn blood saints (Pan)
  41 very ugly things
  A juggernaut skeleton (Pan)
  10 vampire knights
  7 quicksilver oozes
  5 eleionomae
  4 spriggan defenders
  6 green draconians
  7 deep elf demonologists
  9 black draconians
  12 putrid mouths
  10 dire elephants
  13 deep elf annihilators
  14 war gargoyles
  3 bunyips
  15 elemental wellsprings
  5 spark wasps
  10 deep elf death magi
  12 wendigos
  12 purple draconians
  3 lorocyprocas
  6 yellow draconians
  5 white draconians
  5 red draconians
  11 demonspawn black suns
  6 bennus
  25 blizzard demons
  6 eidola
  5 crystal guardians (Elf:3)
  2 spectral quicksilver dragons (Tar:5)
  Snorg (D:10)
  6 iron golems
  11 mummy priests
  19 ettins
  A kraken zombie (Hell)
  13 green deaths
  7 entropy weavers
  2 shambling mangroves
  24 jiangshi
  7 fire dragons
  A spectral golden dragon (Crypt:3)
  15 yaktaur captains
  8 deep elf high priests
  A spriggan zombie (Abyss:3)
  A sphinx zombie (Zig:6)
  10 rakshasas
  3 hell beasts
  30 vault guards
  11 caustic shrike simulacra
  16 hydras
  8 ice dragons
  14 great orbs of eyes
  8 salamander tyrants
  A bennu zombie (Crypt:1)
  A catoblepas (Lair:5)
  2 ogre magi (Vaults:5)
  5 ghost crabs
  6 spriggan air magi
  3 peacekeepers
  8 juggernaut simulacra
  10 anacondas
  2 jorogumos (Pan)
  A spectral stone giant (Tar:3)
  14 two-headed ogres
  13 alligators
  5 boulder beetles
  7 death knights
  9 ironbound frosthearts
  17 centaur warriors
  6 stokers
  12 death yaks
  A satyr (Abyss:3)
  42 dancing weapons
  9 vampire magi
  7 deep troll earth magi
  7 deep troll shamans
  A spectral dire elephant (Tar:1)
  4 spriggan berserkers
  3 orc high priests
  6 demonic crawlers
  46 hell hogs
  17 naga warriors
  4 tengu warriors
  18 death scarabs
  3 shock serpents
  A spectral storm dragon (Tar:1)
  A quicksilver ooze zombie (Crypt:2)
  6 occultists
  4 thrashing horrors
  14 naga sharpshooters
  16 soul eaters
  25 hell knights
  2 hellephant skeletons (Pan)
  51 sun demons
  5 skysharks
  4 wretched stars
  28 deep elf knights
  6 crystal echidnas (Dis:7)
  4 salamander mystics
  6 iron trolls
  28 sixfirhies
  A titan skeleton (Hell)
  12 shadow wraiths
  7 goliath frogs
  23 skeletal warriors
  A death drake (shapeshifter) (Vaults:5)
  A spatial maelstrom (Zig:5)
  11 shadow demons
  An obsidian statue (Depths:1)
  A spark wasp zombie (Depths:4)
  4 sea snakes (Snake:2)
  A storm dragon skeleton (Hell)
  2 anaconda zombies
  A spectral bunyip (Tar:1)
  A deep troll (shapeshifter) (Depths:4)
  4 mana vipers
  A spectral anaconda (Tar:1)
  5 quicksilver dragon simulacra
  2 glowing orange brains
  36 deep trolls
  5 spriggan druids
  13 flayed ghosts
  A bunyip skeleton (Crypt:2)
  11 swamp dragons
  13 ironbound convokers
  7 lindwurms
  2 spectral hydras (Swamp:4)
  20 phantasmal warriors
  A spriggan simulacrum (Coc:3)
  9 bog bodies
  8 sun moths (Pan)
  41 deep elf pyromancers
  19 deep elf archers
  15 orc knights
  A lindwurm (shapeshifter) (Depths:4)
  4 naga ritualists
  5 harpies (Vaults:2)
  36 ugly things
  3 will-o-the-wisps (Swamp:1)
  25 deep elf zephyrmancers
  A wolf spider (D:11)
  20 necromancers
  2 anaconda skeletons (Hell)
  A jorogumo zombie (Crypt:1)
  A shadow dragon skeleton (Crypt:1)
  8 salamanders
  An iron dragon zombie (Crypt:2)
  5 elephants (Lair:5)
  3 oklob plants (Swamp:4)
  Maurice (Orc:2)
  4 orc sorcerers
  2 cyclopes (shapeshifter) (Vaults:5)
  27 moths of wrath
  A spectral centaur (Tar:1)
  2 manticores (D:14)
  4 Executioner simulacra (Pan)
  4 worldbinders
  17 large abominations
  3 shining eyes
  10 cyclopes
  An iron dragon skeleton (Crypt:2)
  2 naga zombies
  40 black mambas
  2 guardian serpents (Snake:4)
  3 eyes of devastation (Pan)
  7 vault sentinels
  2 apocalypse crabs
  5 titan simulacra
  18 smoke demons
  A water nymph (shapeshifter) (Vaults:5)
  10 molten gargoyles
  4 kobold blastminers
  A gargoyle (D:12)
  12 rust devils
  A storm dragon simulacrum (Coc:1)
  11 spectral spriggans
  5 ice statues (Pan)
  A yellow draconian zombie (Crypt:2)
  8 orange demons
  17 hellions
  A steelbarb worm zombie (Crypt:2)
  8 cane toads
  14 naga magi
  5 unseen horrors
  4 rime drakes
  33 yaktaurs
  An anaconda simulacrum (Coc:2)
  A spectral naga (Tar:4)
  16 tormentors
  10 komodo dragons
  A pale draconian zombie (Crypt:2)
  13 freezing wraiths
  7 ice devils (Pan)
  4 ancient zymes
  9 efreet
  A guardian serpent (shapeshifter) (Vaults:5)
  3 iron giant simulacra
  2 harpy zombies
  4 hydra zombies
  11 tengu conjurers
  7 red devils
  16 guardian mummies
  10 trolls
  18 hellwings
  A silent spectre (Tar:1)
  2 polar bears (shapeshifter)
  A tengu simulacrum (Zig:4)
  2 harpy skeletons (Hell)
  4 bloated husks
  A merfolk (shapeshifter) (Vaults:5)
  7 spectral harpies
  A polar bear (Lair:5)
  14 tyrant leeches
  A shadow dragon simulacrum (Coc:1)
  6 saltlings (Orc:2)
  3 hydra skeletons
  A sea snake skeleton (Hell)
  2 glass eyes
  2 hornets
  2 raiju (Zig:5)
  13 dream sheep
  Prince Ribbit (D:8)
  12 blink frogs
  An iron dragon simulacrum (Coc:4)
  A culicivora (Vaults:2)
  A spectral black mamba (Tar:1)
  A centaur simulacrum (Coc:2)
  5 shadows
  2 air elementals
  98 slime creatures
  2 vampires
  3 spriggans
  57 yaks
  15 ynoxinuls
  4 water elementals
  12 ushabtiu
  8 wyverns
  13 starcursed masses
  10 wraiths
  3 dire elephant simulacra
  2 redbacks (Vaults:2)
  A spriggan (shapeshifter) (Elf:2)
  An alligator snapping turtle simulacrum (Coc:2)
  3 naga simulacra
  10 basilisks
  3 fire elementals
  2 golden eyes (Pan)
  Grum (Lair:1)
  3 steam dragons
  22 neqoxecs
  5 wargs
  13 chaos spawn
  A redback (shapeshifter) (Depths:4)
  12 harpy simulacra
  Edmund (D:4)
  2 spatial vortices (Abyss:1)
  A swamp worm (shapeshifter) (Elf:3)
  11 vampire mosquitoes
  A skyshark zombie (Crypt:2)
  7 swamp worms
  6 hydra simulacra
  A cane toad zombie (Crypt:1)
  2 acid dragons (D:12)
  39 nagas
  10 water moccasins
  8 hell hounds
  A water nymph skeleton (Crypt:1)
  29 orc warriors
  6 swamp drakes (Swamp:4)
  6 ettin simulacra
  An ice beast (shapeshifter) (D:13)
  A naga skeleton (Tomb:1)
  4 ice beasts
  2 black bears
  2 swamp dragon zombies (Swamp:4)
  16 small abominations
  20 laughing skulls
  A boggart (Vaults:1)
  5 centaurs
  9 wolves
  16 ogres
  3 swamp dragon skeletons
  A yaktaur zombie (Crypt:1)
  2 kobold brigands
  2 elf zombies (Elf:1)
  14 bullfrogs
  A brain worm (Abyss:1)
  3 earth elementals
  5 necrophages
  2 gnoll sergeants
  3 scorpions
  4 burial acolytes (Crypt:3)
  4 wights (D:8)
  A wyvern zombie (D:7)
  6 killer bees
  3 spriggan skeletons
  6 howler monkeys
  3 electric eels
  A crimson imp (Abyss:4)
  4 lava snakes (Lair:5)
  A bombardier beetle (D:5)
  3 centaur zombies
  A jelly (D:6)
  6 hounds
  A quasit (Abyss:1)
  A gnoll bouda (D:8)
  18 orc priests
  A sleepcap (D:5)
  31 orc wizards
  An iguana (D:4)
  11 hell rats
  A hound skeleton (Crypt:2)
  21 mummies
  14 gnolls
  9 adders
  5 river rats (Lair:5)
  A shadow imp (D:6)
  6 white imps
  7 ufetubi
  An adder skeleton (Crypt:1)
  5 dart slugs
  77 orcs
  2 endoplasms
  9 goblins
  7 hobgoblins
  2 jackals (D:3)
  4 quokkas
  3 training dummies (Snake:1)
  6 ball pythons
  5 bats
  5 frilled lizards
  A hobgoblin zombie (Crypt:1)
  21 kobolds
  12 rats
  4 creeping infernos
  7 fire vortices
  A lurking horror (Abyss:3)
  2 starspawn tentacles (Abyss:3)
  A tentacle (Hell)
3450 creatures vanquished.

Vanquished Creatures (collateral kills)
  Khufu (Tomb:3)
  3 caustic shrikes (Dis:7)
  An iron giant (Dis:7)
  An acid blob (Slime:5)
  An Orb Guardian (Tomb:1)
  A searing wretch (Geh:4)
  3 ancient champions
  An azure jelly (Slime:5)
  A hydra zombie (Swamp:4)
  An ironbound thunderhulk (Vaults:3)
  An elemental wellspring (Coc:2)
  2 wendigos (Coc:2)
  A fire dragon (Lair:5)
  A sun demon (Tomb:1)
  A spriggan druid (Swamp:4)
  A swamp dragon (Swamp:4)
  A stone giant skeleton (Tomb:3)
  A slime creature (Vaults:3)
  A smoke demon (Tomb:1)
  2 naga magi (Snake:4)
  A hellion (Tomb:1)
  2 guardian mummies (Tomb:3)
  A hellwing (Tomb:1)
  2 hydra skeletons (Swamp:4)
  A yak (D:10)
  2 nagas (Snake:4)
  A swamp drake (Swamp:4)
  2 hydra simulacra (Swamp:4)
  2 swamp dragon zombies (Swamp:4)
40 creatures vanquished.

Vanquished Creatures (others)
  2 royal mummies (Tomb:3)
  A lich (Pan)
  An Orb Guardian (Tomb:3)
  2 eldritch tentacles
  An ancient champion (Tomb:3)
  An elemental wellspring (Coc:5)
  A bennu (Tomb:3)
  A lorocyproca (Tomb:3)
  3 mummy priests (Tomb:3)
  A hydra (Zig:8)
  A rakshasa (Pan)
  A quicksilver dragon skeleton (Tomb:3)
  A jorogumo (Pan)
  3 caustic shrike simulacra
  A juggernaut simulacrum (Coc:7)
  4 death scarabs (Tomb:1)
  2 vampire magi
  An occultist (Depths:4)
  A deep elf knight (Elf:2)
  A shadow wraith (Crypt:3)
  A sixfirhy (Tomb:1)
  A skeletal warrior (Tomb:3)
  A glowing orange brain (Pan)
  A bog body (Swamp:1)
  2 shadow demons (Pan)
  3 spriggan simulacra
  A deep elf archer (Elf:1)
  A deep elf pyromancer (Elf:2)
  2 titan simulacra
  2 large abominations
  3 guardian mummies (Tomb:3)
  8 bloated husks
  A hellwing (Pan)
  5 dream sheep (D:4)
  2 centaur simulacra (Coc:2)
  3 dire elephant simulacra
  A neqoxec (Pan)
  A chaos spawn (Tomb:1)
  A swamp worm (Swamp:3)
  A naga (Snake:1)
  3 harpy simulacra
  3 ettin simulacra
  A small abomination (Depths:3)
  4 mummies (Tomb:3)
  An orc (D:9)
  4 ball lightnings
  2 creeping infernos
  16 foxfires (Swamp:1)
  5 starspawn tentacles
  11 tentacles (Hell)
121 creatures vanquished.

Grand Total: 3611 creatures vanquished

Notes
Turn   | Place    | Note
-------+----------+-------------------------------------------
     0 | D:1      | shadowrider38 the Vine Stalker Fighter began the quest for
                  | the Orb.
     0 | D:1      | Reached XP level 1. HP: 11/11 MP: 2/2
   135 | D:1      | Reached XP level 2. HP: 16/16 MP: 1/3
   731 | D:2      | Reached skill level 3 in Short Blades
   731 | D:2      | Reached XP level 3. HP: 19/19 MP: 4/4
   734 | D:2      | Identified the +0 ring mail of Grace {rPois rF- Str+3}
  1094 | D:2      | Reached XP level 4. HP: 23/23 MP: 5/5
  1484 | D:3      | Found a faded altar of an unknown god.
  2086 | D:4      | Reached XP level 5. HP: 7/27 MP: 2/6
  2158 | D:4      | Noticed a black bear
  2167 | D:4      | Killed a black bear
  2168 | D:4      | Reached XP level 6. HP: 32/32 MP: 7/7
  2254 | D:4      | Noticed a dream sheep
  2254 | D:4      | Noticed a dream sheep
  2254 | D:4      | Noticed a dream sheep
  2254 | D:4      | Noticed a dream sheep
  2254 | D:4      | Noticed a dream sheep
  2254 | D:4      | Found a shimmering altar of Xom.
  2257 | D:4      | Killed a dream sheep
  2257 | D:4      | Killed a dream sheep
  2257 | D:4      | Killed a dream sheep
  2258 | D:4      | Killed a dream sheep
  2259 | D:4      | Killed a dream sheep
  2860 | D:4      | Identified the +0 scale mail "Menlotiu" {rN+ SInv}
  2920 | D:4      | Found Onalucka's Book Shoppe.
  3118 | D:5      | Entered Level 5 of the Dungeon
  3118 | D:5      | Noticed Edmund
  3169 | D:4      | Killed Edmund
  3204 | D:5      | Reached XP level 7. HP: 34/35 MP: 6/8
  3647 | D:5      | Found a hazy altar of Hepliaklqana.
  3881 | D:5      | Found an iron altar of Okawaru.
  3943 | D:6      | Gained mutation: You have razor-sharp teeth. [Vine Stalker
                  | growth]
  3943 | D:6      | Reached XP level 8. HP: 27/39 MP: 7/9
  3947 | D:6      | Reached skill level 3 in Fighting
  3947 | D:6      | Reached skill level 3 in Shields
  3992 | D:6      | Reached skill level 3 in Armour
  4158 | D:6      | Found a bloodstained altar of Trog.
  4331 | D:6      | Found a radiant altar of Vehumet.
  4344 | D:6      | Reached XP level 9. HP: 32/45 MP: 7/10
  4380 | D:6      | Found a sparkling altar of Nemelex Xobeh.
  4791 | D:7      | Reached skill level 9 in Short Blades
  5220 | D:7      | Found a basalt altar of Yredelemnul.
  5269 | D:7      | Found a staircase to the Ecumenical Temple.
  5288 | Temple   | Entered the Ecumenical Temple
  5550 | D:8      | Noticed Prince Ribbit
  5556 | D:8      | Killed Prince Ribbit
  5745 | D:8      | Reached XP level 10. HP: 51/51 MP: 11/11
  6253 | D:8      | Found a staircase to the Lair.
  6583 | D:9      | Noticed a cyan ugly thing
  6812 | D:9      | Identified the +3 leather armour of Eternity {Harm Regen+
                  | rCorr Int-4}
  7067 | D:9      | Noticed a two-headed ogre
  7076 | D:9      | Killed a two-headed ogre
  7234 | D:8      | Killed a cyan ugly thing
  7407 | D:8      | Reached XP level 11. HP: 50/58 MP: 12/12
  7962 | D:9      | Found a faded altar of an unknown god.
  7962 | D:9      | Found a snail-covered altar of Cheibriados.
  7968 | D:9      | Found a blossoming altar of Fedhas.
  7970 | D:9      | Found a shadowy altar of Dithmenos.
  7972 | D:9      | Found a faded altar of an unknown god.
  8259 | D:10     | Entered Level 10 of the Dungeon
  8259 | D:10     | Found a staircase to the Orcish Mines.
  8333 | D:10     | Found a broken altar of Ashenzari.
  8362 | D:10     | Noticed a two-headed ogre
  8372 | D:10     | Killed a two-headed ogre
  8475 | D:10     | Found a burning altar of Makhleb.
  8475 | D:10     | Noticed Snorg
  8476 | D:10     | Found an opulent altar of Gozag.
  8487 | D:10     | Killed Snorg
  8511 | D:10     | Became a worshipper of Gozag Ym Sagoz the Greedy
  8514 | D:10     | Found a shimmering blue altar of Sif Muna.
  8519 | D:10     | Found a white marble altar of Elyvilon.
  8535 | D:10     | Found a hide-covered altar of Uskayaw.
  8558 | D:10     | Reached skill level 3 in Dodging
  8717 | D:10     | Reached skill level 3 in Spellcasting
  9025 | D:10     | Found a glowing silver altar of Zin.
  9279 | Lair:1   | Entered Level 1 of the Lair of Beasts
  9392 | Lair:1   | Noticed Grum
  9426 | Lair:1   | Killed Grum
  9496 | Lair:1   | Reached skill level 9 in Fighting
  9523 | Lair:1   | Reached XP level 12. HP: 39/66 MP: 16/19
 10652 | Lair:2   | Noticed a seven-headed hydra
 10666 | Lair:2   | Killed a seven-headed hydra
 10785 | Lair:2   | Noticed a boulder beetle
 11067 | Lair:2   | Killed a boulder beetle
 11461 | Lair:2   | Identified 2 scrolls of acquirement
 11461 | Lair:2   | Acquired the +7 Spriggan's Knife {stab, EV+4 Stlth+}
 11461 | Lair:2   | Found the +7 Spriggan's Knife {stab, EV+4 Stlth+}
 11467 | Lair:2   | Acquired 721 gold pieces
 11637 | Lair:3   | Noticed a death yak
 11637 | Lair:3   | Noticed a death yak
 11638 | Lair:3   | Noticed a death yak
 11638 | Lair:3   | Noticed a death yak
 11641 | Lair:3   | Noticed a death yak
 11663 | Lair:3   | Killed a death yak
 11688 | Lair:3   | Killed a death yak
 11697 | Lair:3   | Killed a death yak
 11710 | Lair:3   | Killed a death yak
 11711 | Lair:3   | Reached skill level 3 in Evocations
 11728 | Lair:3   | Killed a death yak
 12247 | Lair:3   | Found a staircase to the Snake Pit.
 12259 | Lair:3   | Reached XP level 13. HP: 40/74 MP: 18/21
 13020 | Lair:3   | Found a staircase to the Swamp.
 13337 | Lair:4   | Found a staircase to the Slime Pits.
 14074 | Lair:4   | Noticed Rupert
 14082 | Lair:4   | Killed Rupert
 14106 | Lair:4   | Identified the +3 whip "Ujooz" {freeze, Will+ Stlth+}
 14188 | Lair:4   | Reached skill level 9 in Armour
 14921 | Lair:4   | Found a staircase to the Slime Pits.
 15537 | Lair:5   | Entered Level 5 of the Lair of Beasts
 16042 | Lair:5   | Reached XP level 14. HP: 42/82 MP: 15/22
 17976 | Lair:5   | Found a large runed translucent door.
 17976 | Lair:5   | Found a large runed translucent door.
 18499 | Lair:5   | Identified the +2 hat "Ylosuo" {^Contam Rampage Dex+6 SInv}
 18771 | Orc:1    | Entered Level 1 of the Orcish Mines
 19032 | Orc:1    | You fall into a shaft and drop 1 floor!
 19032 | Orc:2    | Entered Level 2 of the Orcish Mines
 19122 | Orc:2    | Found a staircase to the Elven Halls.
 19562 | Orc:2    | Noticed an orc warlord
 20107 | Orc:2    | Noticed Maurice
 20123 | Orc:2    | Maurice stole a phial of floods
 20130 | Orc:2    | Killed Maurice
 20185 | Orc:1    | Killed an orc warlord
 20700 | Orc:2    | Reached XP level 15. HP: 88/88 MP: 23/23
 20846 | Orc:2    | Noticed an orc warlord
 20848 | Orc:2    | Noticed an orc warlord
 20848 | Orc:2    | Killed an orc warlord
 20852 | Orc:2    | Found Xionk's Jewellery Shop.
 20867 | Orc:2    | Gained mutation: You are frail. (-10% HP) [a neqoxec]
 21018 | Orc:2    | HP: 3/79 [orc warlord/+4 war axe of distortion (11)]
 21670 | Orc:2    | Found Cuodal's Magic Scroll Boutique.
 21685 | Orc:2    | Found Ariofin's Antique Armour Boutique.
 21721 | Orc:2    | Bought a scroll of fear for 56 gold pieces
 21721 | Orc:2    | Bought a scroll of teleportation for 42 gold pieces
 21721 | Orc:2    | Bought a scroll of fog for 56 gold pieces
 21721 | Orc:2    | Bought a scroll of teleportation for 42 gold pieces
 21794 | Orc:2    | Found Geh Xaimoss's Assorted Antiques.
 21799 | Orc:2    | Killed an orc warlord
 21803 | Orc:2    | Bought a scroll of teleportation for 54 gold pieces
 21803 | Orc:2    | Bought a potion of enlightenment for 90 gold pieces
 22289 | D:11     | Found Ynurher's Antique Weapon Shop.
 23260 | D:11     | Reached skill level 15 in Fighting
 23587 | D:12     | Found a shimmering blue altar of Sif Muna.
 24576 | D:13     | Identified the +0 hand axe "Rylani" {drain, Fly rElec Int+4
                  | Stlth+}
 25021 | D:14     | Found a stormy altar of Qazlal.
 25225 | D:14     | Found a gate to the Vaults.
 25581 | D:14     | Reached XP level 16. HP: 85/85 MP: 26/26
 25683 | D:14     | Reached skill level 9 in Evocations
 25877 | D:15     | Entered Level 15 of the Dungeon
 25925 | D:15     | Identified the +9 trident of Regicide {spect, rElec SInv}
 26381 | D:15     | Found a staircase to the Depths.
 26924 | D:15     | Found Bidemeb's Antique Armour Shoppe.
 26934 | D:15     | Bought an ancient plate armour for 756 gold pieces
 26934 | D:15     | Identified the +7 plate armour "Lesik" {rElec Int+2} (You
                  | bought it in a shop on level 15 of the Dungeon)
 26934 | D:15     | Bought a translucent helmet for 256 gold pieces
 26934 | D:15     | Identified the +1 helmet of Peneub {-Tele Will++ Str+2}
                  | (You bought it in a shop on level 15 of the Dungeon)
 27516 | Swamp:1  | Entered Level 1 of the Swamp
 27926 | Snake:1  | Entered Level 1 of the Snake Pit
 28049 | Snake:1  | Identified the +0 leather armour of a treasure trove
                  | {Slay+2}
 28075 | Snake:1  | Noticed a nagaraja
 28113 | Snake:1  | Killed a nagaraja
 28117 | Lair:3   | HP: 4/85 [poisoned by a nagaraja (bolt of poison)]
 28122 | Lair:3   | HP: 4/85 [poisoned by a nagaraja (bolt of poison)]
 28494 | Snake:1  | Found Gonacsaq's Firing Range.
 28500 | Snake:1  | Bought 3 curare-tipped darts for 39 gold pieces
 28500 | Snake:1  | Bought 5 curare-tipped darts for 66 gold pieces
 28848 | Elf:1    | Entered Level 1 of the Elven Halls
 29273 | Elf:1    | Reached skill level 9 in Shields
 29279 | Elf:1    | Got the Tome of Exhumation
 29520 | Elf:1    | Reached XP level 17. HP: 89/89 MP: 28/28
 30803 | Elf:2    | Found a runed translucent gate.
 30804 | Elf:2    | Found a runed translucent gate.
 30804 | Elf:2    | Found a runed translucent gate.
 30858 | Elf:2    | Identified the +1 robe of Forking Paths {+Blink Will+ Int+4
                  | Dex-5}
 32269 | Elf:2    | HP: 4/133 [deep elf knight/shard of ice (17)]
 32276 | Elf:2    | HP: 1/133 [deep elf knight/+0 long sword (3)]
 32809 | Elf:2    | Identified the blade talisman of Marbles {Fly rCorr Str+3}
 32900 | Elf:3    | Entered Level 3 of the Elven Halls
 32912 | Elf:3    | Noticed Louise
 32939 | Elf:3    | Killed Louise
 32947 | Elf:3    | Found Umyniw's Magic Scroll Boutique.
 32962 | Elf:3    | Bought a scroll of teleportation for 42 gold pieces
 32962 | Elf:3    | Bought a scroll of teleportation for 42 gold pieces
 32962 | Elf:3    | Bought a scroll of teleportation for 42 gold pieces
 32962 | Elf:3    | Bought a scroll of teleportation for 42 gold pieces
 32962 | Elf:3    | Bought a scroll of blinking for 105 gold pieces
 32979 | Elf:3    | Identified the +0 ring mail of Oxopp {Harm}
 33094 | Elf:3    | Reached XP level 18. HP: 89/93 MP: 29/29
 33575 | Elf:3    | Identified the +8 great mace "Zaurowam" {heavy, +Blink
                  | rPois Str-5 Int+7}
 34243 | Elf:3    | Noticed a deep elf master archer
 34253 | Elf:3    | Killed a deep elf master archer
 34364 | Elf:3    | Noticed a deep elf master archer
 34374 | Elf:3    | Killed a deep elf master archer
 34700 | Elf:3    | Paralysed by an air elemental for 1 turns
 34719 | Elf:3    | Identified the +1 scimitar of Causality {venom, Str+2
                  | Int+3}
 34722 | Elf:3    | Noticed a deep elf blademaster
 34899 | Elf:3    | Identified the +9 halberd "Peehupn" {freeze, Int+4}
 35004 | Elf:3    | Killed a deep elf blademaster
 35774 | Elf:3    | Got the Almanac of the Cooperative Caves
 35817 | Elf:3    | Identified the +9 shortbow of the Realm of Zot {antimagic,
                  | ^Drain ^Fragile rC+++ Int+2}
 35893 | Elf:3    | Got Magic, and How To Use It
 36670 | Snake:2  | Reached XP level 19. HP: 99/99 MP: 30/30
 36735 | Snake:2  | You fall into a shaft and drop 1 floor!
 36744 | Snake:3  | Found Kueseoze's Distillery.
 36748 | Snake:3  | Found Zutael's Jewellery Shoppe.
 36748 | Snake:3  | Found Siul Vust's Armour Emporium.
 36780 | Snake:3  | Bought a potion of might for 56 gold pieces
 36780 | Snake:3  | Found Gowkoew's Assorted Antiques.
 36783 | Snake:3  | Bought a ring of poison resistance for 320 gold pieces
 36802 | Snake:3  | Bought a scroll of fog for 112 gold pieces
 36802 | Snake:3  | Bought a scroll of teleportation for 84 gold pieces
 36802 | Snake:3  | Bought a tiny zirconium amulet for 140 gold pieces
 36802 | Snake:3  | Bought a potion of mutation for 224 gold pieces
 36802 | Snake:3  | Bought a potion of might for 112 gold pieces
 36819 | Snake:3  | Bought the +2 pair of gloves of the Moon {rN+} for 488 gold
                  | pieces
 37024 | Snake:3  | Noticed Mara
 37090 | Snake:3  | Killed Mara
 37346 | Snake:3  | Noticed Dittersdorf's ghost (adept MiBe)
 37364 | Snake:3  | Found a runed translucent door.
 37795 | Snake:3  | Killed Dittersdorf's ghost
 37854 | Snake:4  | Entered Level 4 of the Snake Pit
 37856 | Snake:4  | Noticed Tuffe's ghost (adept FoFi)
 37859 | Snake:4  | Found a transporter.
 37912 | Snake:4  | Found a transporter.
 38511 | Snake:4  | Got Aliasuwu's Spellbook of Rime
 39716 | Snake:4  | Got a serpentine rune of Zot
 40027 | Snake:4  | Killed Tuffe's ghost
 40267 | Snake:4  | Acquired the +1 pair of boots of Gyosoet {rC+}
 40352 | Snake:2  | Reached skill level 15 in Shields
 41451 | Vaults:1 | Entered Level 1 of the Vaults
 41499 | Vaults:1 | Identified the +0 robe of Gaojoq {-Cast Fly rC+ Stlth+}
 41589 | Vaults:1 | Identified the serpent talisman of Objectivity {rElec rF-
                  | Will+}
 41785 | Vaults:1 | Reached XP level 20. HP: 107/107 MP: 31/31
 42475 | Vaults:1 | Reached skill level 15 in Armour
 42593 | Vaults:1 | Found a runed translucent gate.
 42593 | Vaults:1 | Found an opulent altar of Gozag.
 42594 | Vaults:1 | Found a runed translucent gate.
 42595 | Vaults:1 | Found a runed translucent gate.
 42595 | Vaults:1 | Noticed jestert79's ghost (adept GnWn)
 42780 | Vaults:1 | Lost mutation: You are frail. (-10% HP) [potion of
                  | mutation]
 42780 | Vaults:1 | Gained mutation: You passively map a small area around you.
                  | [potion of mutation]
 42780 | Vaults:1 | Gained mutation: You are vulnerable to cold. (rC-) [potion
                  | of mutation]
 42780 | Vaults:1 | Gained mutation: You are partially covered in iridescent
                  | scales. (AC +2) [potion of mutation]
 42781 | Vaults:1 | Lost mutation: You are vulnerable to cold. (rC-) [potion of
                  | mutation]
 42781 | Vaults:1 | Lost mutation: You passively map a small area around you.
                  | [potion of mutation]
 42781 | Vaults:1 | Gained mutation: Your body sometimes deteriorates upon
                  | taking damage. [potion of mutation]
 42907 | Vaults:2 | Noticed Norris
 42923 | Vaults:2 | Killed Norris
 43638 | Vaults:2 | Paralysed by a formless jellyfish for 1 turns
 44697 | Vaults:3 | Found Coratem's Distillery.
 44697 | Vaults:3 | Noticed Jory
 44731 | Vaults:3 | Killed Jory
 44849 | Vaults:3 | Bought a potion of haste for 140 gold pieces
 44849 | Vaults:3 | Bought a potion of haste for 140 gold pieces
 44849 | Vaults:3 | Bought a potion of enlightenment for 70 gold pieces
 45077 | Vaults:3 | Noticed Bai Suzhen
 45107 | Vaults:3 | Killed Bai Suzhen
 45318 | Vaults:3 | Reached XP level 21. HP: 76/123 MP: 27/32
 46171 | Vaults:3 | Found a staircase to the Crypt.
 47555 | Vaults:5 | Entered Level 5 of the Vaults
 47764 | Depths:1 | Entered Level 1 of the Depths
 49020 | Depths:1 | Reached skill level 15 in Evocations
 49755 | Depths:1 | Found a gateway to Hell.
 50129 | Depths:2 | Reached skill level 9 in Spellcasting
 50150 | Depths:2 | Reached XP level 22. HP: 98/130 MP: 36/36
 50433 | Depths:2 | Identified the ring "Bisiatakh" {Ice rPois rN+ Will- Str+2}
 50936 | Depths:2 | Acquired a manual of Short Blades
 50949 | Depths:2 | Identified the staff "Trog's Scorn" {rPois rN+ Necro}
 50980 | Depths:2 | Noticed a juggernaut
 51005 | Depths:2 | Killed a juggernaut
 51025 | Depths:2 | Found a sacrificial altar of Ru.
 51191 | Depths:2 | Found a one-way gate leading to the halls of Pandemonium.
 51564 | Depths:2 | Reached skill level 15 in Short Blades
 51827 | Depths:2 | Found Dybat's Antique Weapon Emporium.
 52513 | Depths:2 | Found a one-way gateway to a ziggurat.
 53191 | Depths:3 | Reached XP level 23. HP: 137/137 MP: 38/38
 53870 | Depths:3 | Found a one-way gate to the infinite horrors of the Abyss.
 54325 | Depths:3 | Found Etsupa's Antique Armour Shoppe.
 54360 | Depths:4 | Entered Level 4 of the Depths
 54701 | Depths:4 | Noticed a caustic shrike
 54717 | Depths:4 | Killed a caustic shrike
 54877 | Depths:4 | Noticed a caustic shrike
 54899 | Depths:4 | Killed a caustic shrike
 55007 | Depths:4 | Noticed an ancient lich
 55052 | Depths:4 | Killed an ancient lich
 55230 | Depths:4 | Identified the +7 ring mail of Deunu {Str+2 Int+3 Dex-5
                  | Slay+3}
 55295 | Depths:4 | Identified the +5 glaive of the Moth {speed, ^Drain rF+
                  | MP+9 Str+8}
 55295 | Depths:4 | Identified the +3 scale mail of Voidd {rF++ Regen+ Dex+4}
 55390 | Depths:4 | Identified the +0 helmet of Wasip {rN+}
 55519 | Depths:4 | Found a gate to the Realm of Zot.
 55616 | Depths:4 | Noticed a caustic shrike
 55647 | Depths:4 | Killed a caustic shrike
 55648 | Depths:4 | Reached skill level 3 in Shapeshifting
 55944 | Depths:4 | Noticed a caustic shrike
 55967 | Depths:4 | Killed a caustic shrike
 56503 | Depths:4 | Reached XP level 24. HP: 142/142 MP: 38/38
 56584 | Depths:4 | Bought a bloodstained plate armour for 532 gold pieces
 56584 | Depths:4 | Identified the +3 plate armour of Indemnity {^Contam Harm
                  | Fly rElec} (You bought it in a shop on level 4 of the
                  | Depths)
 56588 | Depths:4 | Bought a ring of protection from fire for 475 gold pieces
 57296 | Slime:1  | Entered Level 1 of the Pits of Slime
 57694 | Slime:2  | Noticed Dissolution
 57711 | Slime:1  | Killed Dissolution
 57853 | Slime:2  | Reached skill level 9 in Shapeshifting
 58173 | Slime:5  | Entered Level 5 of the Pits of Slime
 58331 | Slime:5  | Gained mutation: Armour fits poorly on your strangely
                  | shaped body. [a shining eye]
 58413 | Slime:5  | Paralysed by a formless jellyfish for 1 turns
 58600 | Slime:5  | Noticed the Royal Jelly
 58657 | Slime:5  | Killed the Royal Jelly
 58914 | Slime:5  | Got a slimy rune of Zot
 59048 | Slime:5  | Identified the +1 robe of Action {Archmagi}
 59059 | Slime:5  | Got the Catalogue of Convocation
 59788 | Vaults:5 | Noticed an ancient lich
 59793 | Vaults:5 | Identified the storm talisman "Ilerchug" {MP+9 Int+2 Dex+4}
 59793 | Vaults:5 | Noticed Sojobo
 59831 | Vaults:5 | Killed Sojobo
 60729 | Vaults:5 | Noticed an ancient lich
 60732 | Vaults:5 | Reached XP level 25. HP: 106/147 MP: 38/38
 60757 | Vaults:5 | Killed an ancient lich
 61022 | Vaults:5 | Got the Parchment of the Changed Missiles
 61088 | Vaults:5 | Identified the +2 short sword of Context {drain, MP+9}
 61127 | Vaults:5 | Reached skill level 15 in Shapeshifting
 61176 | Vaults:5 | Noticed a dread lich
 61224 | Vaults:5 | Killed a dread lich
 61335 | Vaults:5 | Got a silver rune of Zot
 61373 | Vaults:5 | Identified the +0 ring mail "Tuer" {*Slow rC+ Will+ Dex+3}
 61379 | Vaults:5 | Identified the ring of Nenuika {rN++ Will+ Dex+4}
 61442 | Vaults:5 | Identified the +6 great mace "Datauv" {holy, rF++ rC- Int+2
                  | SInv}
 61442 | Vaults:5 | Identified the +0 leather armour of Liberalism {rElec}
 61461 | Vaults:5 | Noticed an ancient lich
 61489 | Vaults:5 | Killed an ancient lich
 61965 | Vaults:5 | Killed an ancient lich
 62991 | Crypt:1  | Entered Level 1 of the Crypt
 63928 | Crypt:1  | Identified the +3 arbalest of Due Proportion {elec, rElec
                  | rPois Will-}
 64392 | Crypt:2  | Reached XP level 26. HP: 152/152 MP: 38/38
 65262 | Crypt:3  | Entered Level 3 of the Crypt
 65369 | Crypt:3  | Found an ancient bone altar of Kikubaaqudgha.
 66074 | Crypt:3  | Identified the staff of the Building Firefly {rF+ SInv
                  | Fire}
 66148 | Crypt:3  | Found a staircase to the Tomb.
 66148 | Crypt:3  | Noticed an ancient lich
 66167 | Crypt:3  | Killed an ancient lich
 66264 | Crypt:3  | Got the Incunabulum of the End
 66492 | Crypt:3  | Found the +8 demon trident "Rift" {distort, reach+}
 67080 | Orc:2    | Bought a talisman of death for 1120 gold pieces
 67361 | Depths:3 | Voluntarily entered the Abyss.
 67395 | Abyss:1  | Found a corrupted altar of Lugonu.
 67414 | Abyss:1  | Found a corrupted altar of Lugonu.
 67433 | Abyss:1  | Found a corrupted altar of Lugonu.
 67489 | Abyss:1  | Found a corrupted altar of Lugonu.
 67494 | Abyss:1  | Found a corrupted altar of Lugonu.
 67494 | Abyss:1  | Found a corrupted altar of Lugonu.
 67526 | Abyss:1  | Lost mutation: Your body sometimes deteriorates upon taking
                  | damage. [potion of mutation]
 67526 | Abyss:1  | Lost mutation: Armour fits poorly on your strangely shaped
                  | body. [potion of mutation]
 67526 | Abyss:1  | Gained mutation: Your body sometimes deteriorates upon
                  | taking damage. [potion of mutation]
 67526 | Abyss:1  | Gained mutation: You have large cloven feet. [potion of
                  | mutation]
 67591 | Abyss:1  | Gained mutation: You are vulnerable to heat. (rF-) [a
                  | neqoxec]
 67607 | Abyss:1  | Lost mutation: You are partially covered in iridescent
                  | scales. (AC +2) [potion of mutation]
 67607 | Abyss:1  | Lost mutation: You have large cloven feet. [potion of
                  | mutation]
 67607 | Abyss:1  | Gained mutation: You possess an exceptional clarity of
                  | mind. [potion of mutation]
 67607 | Abyss:1  | Gained mutation: You have large cloven feet. [potion of
                  | mutation]
 67608 | Abyss:1  | Lost mutation: You have large cloven feet. [potion of
                  | mutation]
 67608 | Abyss:1  | Lost mutation: Your body sometimes deteriorates upon taking
                  | damage. [potion of mutation]
 67608 | Abyss:1  | Lost mutation: You are vulnerable to heat. (rF-) [potion of
                  | mutation]
 67608 | Abyss:1  | Gained mutation: You are frail. (-10% HP) [potion of
                  | mutation]
 67608 | Abyss:1  | Gained mutation: Your flesh is cold resistant. (rC+)
                  | [potion of mutation]
 67608 | Abyss:1  | Lost mutation: Your flesh is cold resistant. (rC+) [potion
                  | of mutation]
 67608 | Abyss:1  | Gained mutation: You have a pair of small antennae on your
                  | head. [potion of mutation]
 67609 | Abyss:1  | Lost mutation: You possess an exceptional clarity of mind.
                  | [potion of mutation]
 67609 | Abyss:1  | Lost mutation: You have a pair of small antennae on your
                  | head. [potion of mutation]
 67609 | Abyss:1  | Lost mutation: You are frail. (-10% HP) [potion of
                  | mutation]
 67609 | Abyss:1  | Gained mutation: You are vulnerable to cold. (rC-) [potion
                  | of mutation]
 67609 | Abyss:1  | Gained mutation: You are vulnerable to heat. (rF-) [potion
                  | of mutation]
 67610 | Abyss:1  | Lost mutation: You are vulnerable to heat. (rF-) [potion of
                  | mutation]
 67610 | Abyss:1  | Lost mutation: You are vulnerable to cold. (rC-) [potion of
                  | mutation]
 67610 | Abyss:1  | Gained mutation: You passively dampen the noise of your
                  | surroundings. [potion of mutation]
 67610 | Abyss:1  | Gained mutation: Armour fits poorly on your strangely
                  | shaped body. [potion of mutation]
 67610 | Abyss:1  | Gained mutation: You possess an exceptional clarity of
                  | mind. [potion of mutation]
 67610 | Abyss:1  | Gained mutation: Your movements are slightly less
                  | encumbered by armour. (ER -2) [potion of mutation]
 67831 | Depths:3 | Escaped the Abyss
 68106 | Depths:3 | Voluntarily entered the Abyss.
 68558 | Abyss:2  | Found a corrupted altar of Lugonu.
 68676 | Abyss:3  | Paralysed by you for 1 turns
 68712 | Abyss:3  | Reached skill level 21 in Shapeshifting
 68800 | Abyss:3  | Paralysed by accursed screaming for 1 turns
 68817 | Abyss:3  | Got an abyssal rune of Zot
 69053 | Depths:3 | Escaped the Abyss
 70544 | Swamp:2  | Noticed Gokhumny's ghost (adept GnFi)
 70579 | Swamp:2  | Found a transporter.
 70789 | Swamp:2  | Reached XP level 27. HP: 140/156 MP: 38/38
 71154 | Swamp:3  | Identified the +4 sling "Paumesh" {drain, Int+3}
 71898 | Swamp:4  | Entered Level 4 of the Swamp
 71917 | Swamp:4  | Noticed Donald
 71932 | Swamp:4  | Killed Donald
 72193 | Swamp:4  | Found a blossoming altar of Fedhas.
 72834 | Swamp:4  | Found a basalt altar of Yredelemnul.
 73047 | Swamp:4  | Got a decaying rune of Zot
 73506 | Zig:1    | Entered Level 1 of a ziggurat
 73532 | Zig:2    | Entered Level 2 of a ziggurat
 73577 | Zig:3    | Entered Level 3 of a ziggurat
 73606 | Zig:3    | Identified the staff of Satisaz {rC+ rN+ Dex-4 Summ Necro}
 73617 | Zig:4    | Entered Level 4 of a ziggurat
 73675 | Zig:4    | Identified the +5 flail of Nachumub {speed, rPois MP+9}
 73696 | Zig:5    | Entered Level 5 of a ziggurat
 73888 | Zig:6    | Entered Level 6 of a ziggurat
 74180 | Zig:6    | Identified the ring "Isaawoew" {^Drain rElec rF+ rC+}
 74187 | Zig:6    | Identified the +1 whip "Inlempon" {antimagic, Int+3}
 74237 | Zig:7    | Entered Level 7 of a ziggurat
 74422 | Zig:7    | Identified the +7 morningstar of Foul Odours {speed, *Noise
                  | Str+5}
 74434 | Zig:8    | Entered Level 8 of a ziggurat
 74610 | Zig:8    | Identified the +5 great sword "Avvem" {flame, ^Contam rC++
                  | Dex+9 Stlth-}
 74612 | Zig:8    | Identified the +2 mace "Goblinbane" {vamp, Will+}
 74734 | Hell     | Entered the Vestibule of Hell
 74734 | Hell     | Noticed Geryon
 75087 | Pan      | Entered Pandemonium
 75152 | Pan      | HP: 4/156 [Tzitzimitl/dispel undead (33)]
 75570 | Pan      | Noticed Omuqaalaut the pandemonium lord
 75643 | Pan      | Killed Omuqaalaut the pandemonium lord
 75692 | Pan      | Got a demonic rune of Zot
 75862 | Pan      | Entered the realm of Cerebov.
 76612 | Pan      | Identified the ring "Hoeraedgh" {Will+ Int+6 Dex+2 Slay+2}
 76716 | Pan      | Identified the +1 helmet "Damnable Contraption" {Dex+2}
 76749 | Pan      | Identified the +7 whip "Dymikk" {flame, rPois rN+ MP+9}
 76902 | Pan      | Found the +6 sword of Cerebov {flame}
 76902 | Pan      | Noticed Cerebov
 76945 | Pan      | Killed Cerebov
 77032 | Pan      | Identified the ring "Fipav" {rN+ Str+5}
 77067 | Pan      | Got a fiery rune of Zot
 77781 | Depths:2 | Escaped Pandemonium
 77783 | Pan      | Entered the realm of Mnoleg.
 77783 | Pan      | Entered Pandemonium
 77960 | Pan      | Noticed Mnoleg
 78011 | Pan      | Killed Mnoleg
 78544 | Pan      | Got a glowing rune of Zot
 78837 | Pan      | Entered the realm of Lom Lobon.
 79148 | Pan      | Found an exit through the horrors of the Abyss.
 79633 | Pan      | Reached skill level 21 in Fighting
 79753 | Pan      | Noticed Lom Lobon
 79782 | Pan      | Killed Lom Lobon
 79813 | Pan      | Got a magical rune of Zot
 80023 | Pan      | Identified the +6 shortbow "Nionus" {drain, *Slow rElec
                  | Will+ Dex+5}
 80150 | Pan      | Noticed Qyjar the pandemonium lord
 80364 | Pan      | Entered the realm of Gloorx Vloq.
 80497 | Pan      | Noticed Gloorx Vloq
 80557 | Pan      | Got a dark rune of Zot
 80775 | Pan      | Found an exit through the horrors of the Abyss.
 80780 | Pan      | Took an exit into the Abyss.
 80780 | Abyss:4  | Escaped into the Abyss
 80809 | Depths:2 | Escaped the Abyss
 80969 | Hell     | Killed Geryon
 81176 | Hell     | Found a gateway to the freezing wastes of Cocytus.
 81618 | Hell     | Found a gateway to the ashen valley of Gehenna.
 82471 | Hell     | Reached skill level 3 in Polearms
 82519 | Hell     | Found a gateway to the decaying netherworld of Tartarus.
 82653 | Hell     | Found a gateway to the Iron City of Dis.
 82722 | Coc:1    | Entered Level 1 of Cocytus
 83299 | Coc:2    | Reached skill level 9 in Polearms
 83755 | Coc:4    | Paralysed by a wendigo for 1 turns
 83761 | Coc:4    | Paralysed by a wendigo for 1 turns
 83854 | Coc:4    | Paralysed by a wendigo for 1 turns
 83864 | Coc:4    | Paralysed by a wendigo for 1 turns
 84018 | Coc:5    | shadowrider38: ??distortion brand
 84018 | Coc:5    | beem: distortion[1/7]: An evil weapon brand that inflicts a
                  | random option from "1-7 bonus damage" (35% chance), "3-26
                  | bonus damage" (25%), blink (20%), or banish (5%). Effects
                  | are the same for both monsters and the player. When you
                  | unwield, you suffer wild translocation effects - 50% chance
                  | of teleport near monsters, 25% banishment, 25% severe
                  | contam.
 84571 | Coc:7    | Entered Level 7 of Cocytus
 84632 | Coc:7    | Paralysed by a wendigo for 1 turns
 85639 | Coc:7    | Identified the +7 rapier "Asaneep" {drain, +Blink rC+ rN+
                  | Will+ Str+2}
 85649 | Coc:7    | Identified the +10 broad axe "Ybuocw" {heavy, *Rage rPois
                  | rF++ Str-3}
 85706 | Coc:7    | Noticed Antaeus
 85770 | Coc:7    | Got an icy rune of Zot
 85824 | Coc:7    | Banished Antaeus
 85941 | Tar:1    | Entered Level 1 of Tartarus
 87049 | Tar:6    | Reached skill level 21 in Shields
 87427 | Tar:7    | Entered Level 7 of Tartarus
 87771 | Tar:7    | Noticed Ereshkigal
 87827 | Tar:7    | Banished Ereshkigal
 87880 | Tar:7    | Got a bone rune of Zot
 88083 | Hell     | Lost mutation: Armour fits poorly on your strangely shaped
                  | body. [potion of mutation]
 88083 | Hell     | Lost mutation: Your movements are slightly less encumbered
                  | by armour. (ER -2) [potion of mutation]
 88083 | Hell     | Lost mutation: You passively dampen the noise of your
                  | surroundings. [potion of mutation]
 88083 | Hell     | Gained mutation: Your mind is acute. (Int +4, Str/Dex -1)
                  | [potion of mutation]
 88083 | Hell     | Gained mutation: You are strong-willed. (Will+) [potion of
                  | mutation]
 88083 | Hell     | Gained mutation: You occasionally lose the ability to drink
                  | potions when taking damage. [potion of mutation]
 88084 | Hell     | Lost mutation: You possess an exceptional clarity of mind.
                  | [potion of mutation]
 88084 | Hell     | Lost mutation: You occasionally lose the ability to drink
                  | potions when taking damage. [potion of mutation]
 88084 | Hell     | Gained mutation: Your flesh is cold resistant. (rC+)
                  | [potion of mutation]
 88084 | Hell     | Lost mutation: Your mind is acute. (Int +4, Str/Dex -1)
                  | [potion of mutation]
 88696 | Geh:1    | Entered Level 1 of Gehenna
 89652 | Geh:7    | Entered Level 7 of Gehenna
 89948 | Geh:7    | Got the Grimoire of Grisly Summoning
 90270 | Geh:7    | Identified the staff "Ymammoz" {rElec rF++ rN+ Dex+3 SInv
                  | Air}
 91160 | Geh:7    | Found the +13 sceptre of Asmodeus
 91160 | Geh:7    | Noticed Asmodeus
 91219 | Geh:7    | Banished Asmodeus
 91335 | Geh:7    | Got an obsidian rune of Zot
 91565 | Dis:1    | Entered Level 1 of the Iron City of Dis
 91871 | Depths:4 | Bought the ring of Perhih {rCorr MP+9} for 872 gold pieces
 92774 | Dis:7    | Entered Level 7 of the Iron City of Dis
 93847 | Dis:7    | Noticed a juggernaut
 93855 | Dis:7    | Banished a juggernaut
 94210 | Dis:7    | Noticed a juggernaut
 94238 | Dis:7    | Banished a juggernaut
 94474 | Dis:7    | Noticed Dispater
 94475 | Dis:7    | Noticed a juggernaut
 94479 | Dis:7    | Found the +5 scythe "Finisher" {speed, execute}
 94487 | Dis:7    | Got an iron rune of Zot
 95222 | Zot:1    | Entered Level 1 of the Realm of Zot
 95425 | Zot:1    | Identified the +3 rapier "Qaumebal" {spect, Fly Dex+3}
 95772 | Zot:1    | Found a stormy altar of Qazlal.
 96184 | Zot:2    | Found a sparkling altar of Nemelex Xobeh.
 96999 | Zot:4    | Noticed an orb of fire
 97258 | Zot:3    | Found a bloodstained altar of Trog.
 97269 | Zot:3    | Identified the +8 plate armour "Esaogh" {rF++ rC- Regen+
                  | Slay+2}
 97569 | Zot:3    | Found a shimmering blue altar of Sif Muna.
 97602 | Zot:3    | Found a shimmering blue altar of Sif Muna.
 98547 | Zot:4    | Banished an orb of fire
 98548 | Zot:4    | Reached skill level 27 in Fighting
 98653 | Zot:5    | Entered Level 5 of the Realm of Zot
 98653 | Zot:5    | Found Rusucwok's Changing Room.
 99711 | Orc:2    | Bought a scroll of revelation for 105 gold pieces
100167 | Zot:5    | Noticed an ancient lich
100188 | Zot:5    | Killed an ancient lich
100245 | Zot:5    | Noticed an orb of fire
100258 | Zot:5    | Killed an orb of fire
100259 | Zot:5    | Noticed an orb of fire
100279 | Zot:5    | Killed an orb of fire
100449 | Zot:5    | Noticed an orb of fire
100461 | Zot:5    | Killed an orb of fire
100812 | Zot:5    | Got the Orb of Zot
100830 | Zot:5    | Noticed Vassatz the pandemonium lord
100842 | Zot:5    | Banished Vassatz the pandemonium lord
101481 | Tomb:1   | Entered Level 1 of the Tomb of the Ancients
101686 | Tomb:1   | Noticed a royal mummy
101704 | Tomb:1   | Killed a royal mummy
101705 | Tomb:1   | Reached skill level 27 in Shields
101783 | Tomb:2   | Noticed a royal mummy
101785 | Tomb:2   | Noticed a royal mummy
101785 | Tomb:2   | Noticed a royal mummy
101786 | Tomb:2   | Noticed a royal mummy
101802 | Tomb:2   | Banished a royal mummy
101826 | Tomb:1   | Noticed a royal mummy
101835 | Tomb:1   | Noticed a royal mummy
101840 | Tomb:1   | Noticed a royal mummy
101847 | Tomb:1   | Noticed a royal mummy
101851 | Tomb:1   | Banished a royal mummy
101872 | Tomb:1   | Killed a royal mummy
101875 | Tomb:1   | Noticed a royal mummy
101877 | Tomb:1   | Noticed a royal mummy
101893 | Tomb:1   | Killed a royal mummy
101894 | Tomb:1   | Reached skill level 15 in Polearms
101900 | Tomb:1   | Killed a royal mummy
101906 | Tomb:1   | Banished a royal mummy
101931 | Tomb:1   | Killed a royal mummy
102148 | Tomb:1   | Noticed a royal mummy
102161 | Tomb:1   | Killed a royal mummy
102289 | Tomb:1   | Noticed a royal mummy
102292 | Tomb:1   | Noticed a royal mummy
102303 | Tomb:1   | Noticed a royal mummy
102306 | Tomb:1   | Banished a royal mummy
102309 | Tomb:1   | Killed a royal mummy
102317 | Tomb:1   | Noticed Alyckulo the pandemonium lord
102327 | Tomb:1   | Killed a royal mummy
102331 | Tomb:1   | Noticed a royal mummy
102332 | Tomb:1   | Noticed a royal mummy
102335 | Tomb:1   | Killed Alyckulo the pandemonium lord
102359 | Tomb:1   | Killed a royal mummy
102363 | Tomb:1   | Noticed a royal mummy
102410 | Tomb:1   | Killed a royal mummy
102416 | Tomb:1   | Killed a royal mummy
102592 | Tomb:3   | Entered Level 3 of the Tomb of the Ancients
102614 | Tomb:3   | Noticed a royal mummy
102614 | Tomb:3   | Noticed a royal mummy
102614 | Tomb:3   | Noticed Khufu
102642 | Tomb:3   | Got a sanguine gem with 1800 turns to spare
102643 | Tomb:3   | Noticed a royal mummy
102643 | Tomb:3   | Killed Khufu
102659 | Tomb:3   | Got a golden rune of Zot
102659 | Tomb:3   | Killed a royal mummy
102665 | Tomb:3   | Killed a royal mummy
103312 | D:5      | Noticed Xyges the pandemonium lord
103317 | D:5      | Noticed Ygenaergh the pandemonium lord
103508 | D:1      | Noticed Vukicurgh the pandemonium lord
103520 | D:$      | Escaped with the Orb!

Illustrated notes

Levels and vault maps discovered:
D:1:      roadster_arrival_rocket_small, layout_loops_ring
D:2:      layout_basic, eino_curves_03, serial_bayou_lagoon_a, dk_vineyard_3,
          corner_web_ring
D:3:      cheibrodos_old_hovel, layout_basic, chequers_ecumenical_altar_island
D:4:      layout_layer_cave, kb_xom_exploding_sheep, serial_shops, shop
D:5:      layout_basic, mainiacjoe_overflow_concentric_impassable,
          okawaru_altar_gauntlet_db, hex_intersection, uniq_edmund
D:6:      layout_basic, fiery_altar_vehumet, serial_library_hellmonk_big_corner,
          wad_floor_pattern_2, hangedman_feature_mirror
D:7:      layout_basic, lemuel_zombie_altar_yredelemnul,
          minmay_temple_entry_junction, serial_bayou_pond_b,
          serial_bayou_pond_e, nicolae_letterblocks [nicolae_letter_subblock,
          nicolae_letter_subblock, nicolae_letter_subblock,
          nicolae_letter_subblock, nicolae_letter_subblock,
          nicolae_letter_subblock, nicolae_letter_subblock,
          nicolae_letter_subblock, nicolae_letter_subblock,
          nicolae_letter_subblock, nicolae_letter_subblock,
          nicolae_letter_subblock, nicolae_letter_subblock,
          nicolae_letter_subblock, nicolae_letter_subblock,
          nicolae_letter_subblock, nicolae_letter_subblock,
          nicolae_letter_subblock, nicolae_letter_subblock,
          nicolae_letter_subblock, nicolae_letter_subblock,
          nicolae_letter_subblock, nicolae_letter_subblock,
          nicolae_letter_subblock, nicolae_letter_subblock]
D:8:      layout_loops_ring, david_lair_shrubbed, serial_bayou,
          serial_bayou_pond_d, serial_bayou_pond_a, serial_bayou_pond_c,
          serial_bayou_pond_a, grunt_ministairs_9, abandoned_shop,
          uniq_prince_ribbit1
D:9:      layout_roguey, chequers_temple_overflow_minitemple,
          kennysheep_nondescript, minmay_radiant
D:10:     layout_basic, evilmike_ruin_ashenzari,
          minmay_overflow_temple_star_hex, eat_drink_and_be_merry_uskayaw,
          orc_0_dummy, minivault_10, uniq_snorg
D:11:     layout_stronghold, serial_shops, shop
D:12:     cheibrodos_ideogram_h, layout_cross, led_sif_pool
D:13:     layout_loops_ring
D:14:     layout_rooms, hellmonk_vaults_order_and_chaos,
          chequers_serial_rivers_large_b, nicolae_qazlal_style_of_elements
D:15:     hangedman_depths_entry_civil_slaughter, layout_loops_ring,
          serial_shops, nicolae_shop_real_fake_doors, nicolae_hexahallways
Temple:   hellmonk_temple_of_storms
Lair:1:   layout_cave_shapes, grunt_megastairs_3, lemuel_fruit_tree, uniq_grum
Lair:2:   layout_roguey
Lair:3:   layout_chaotic_city, mainiacjoe_swamp_entry_lozenge_pond,
          guppyfry_snake_entry_garden
Lair:4:   layout_roguey, slime_entry_1, serial_bayou, serial_bayou_ford_a,
          serial_bayou_pond_c, serial_bayou_lake_a, serial_bayou_pond_b,
          uniq_rupert
Lair:5:   cheibrodos_lair_end_hotspot, layout_regular_city,
          kennysheep_abandoned_house, serial_bayou_shore_b
Swamp:1:  nicolae_swamp_flooded_prison, layout_basic_swamp,
          hangedman_swamp_ruin_wall, lightli_tree_ring
Swamp:2:  layout_basic_swamp, gammafunk_ghost_mausoleum,
          evilmike_swamp_ruin_rubble_1, nicolae_swamp_decorative_isthmus
Swamp:3:  layout_basic_swamp, evilmike_swamp_ruin_rubble_2, swamp_pool_1_2,
          roderic_carrion_pond, nicolae_swamp_stair_fork,
          nicolae_swamp_very_dense_foliage, nicolae_swamp_little_tower,
          nicolae_swamp_soggy_hallways
Swamp:4:  byrel_swamp_growth_death_and_undeath, layout_basic_swamp,
          infiniplex_staircase_pool, uniq_donald
Snake:1:  layout_onion_interference, nicolae_shop_firing_range
Snake:2:  layout_misc_corridors, serial_bayou_shore_a
Snake:3:  layout_cave_town, hellmonk_ghost_happy_afterlife, minmay_shoptagon,
          uniq_mara
Snake:4:  snake_pit, layout_cave_town, gammafunk_ghost_arena
Slime:1:  layout_caves
Slime:2:  layout_caves, dissolution_awaits
Slime:3:  layout_caves, nicolae_slime_barrier
Slime:4:  layout_caves
Slime:5:  slime_pit_nicolae_trefoil
Orc:1:    layout_diamond_mine
Orc:2:    hellmonk_orc_salted, layout_caves, basic_altar, uniq_maurice
Elf:1:    layout_geoelf_octagon, minmay_elf_necromancy, minivault_19,
          hangedman_elven_crosses_minicolossus
Elf:2:    nicolae_elf_blades_crystal_corner, layout_onion_city,
          serial_sigils_hangedman_snap
Elf:3:    minmay_elf_hall_golems, layout_geoelf_grid, serial_shops, shop,
          serial_co_window_serial, co_window_paths_a, co_window_paths_a,
          co_window_paths_a, co_window_paths_a, co_window_paths_a,
          co_window_of_opportunity_c, co_window_of_opportunity_b,
          co_window_corner_b, co_window_broadway_b, co_window_of_opportunity_c,
          glass_columns_c, uniq_louise
Vaults:1: ebering_ghost_gozag, nicolae_vaults_trapezoid_lopsided_1, v_misc_16,
          nicolae_vaults_weapon_check, nicolae_vaults_wine_cellar,
          vaults_dpeg_encased_lava, nicolae_vaults_little_ls,
          layout_vaults_omnigrid
Vaults:2: vaults_room_door_hall, hangedman_vaults_slice, v_misc_3,
          vaults_room_corners, v_misc_17, hangedman_vaults_variations,
          nicolae_vaults_ring_of_whatevers, nicolae_vaults_quartermaster,
          ontoclasm_vaults_decontamination, v_alt_pattern_1, v_misc_24,
          nicolae_vaults_rhombus_6, ontoclasm_vaults_gateway,
          nicolae_vaults_surprise_closet, nicolae_vaults_tetromino_T_1,
          layout_vaults_chaotic_city, uniq_norris
Vaults:3: v_rooms_3, v_rooms_2, nicolae_vaults_closet_pinwheel_1,
          vaults_room_ringed_pool, v_misc_3, vaults_mumra_hexcomb, v_misc_27,
          minmay_crypt_entry_simple_statues, nicolae_vaults_trapezoid_layered,
          layout_vaults_maze_snakey, serial_shops, shop, uniq_jory,
          uniq_bai_suzhen
Vaults:4: ontoclasm_vaults_misaligned, ontoclasm_vaults_fault,
          nicolae_vaults_network_periphery, nicolae_vaults_hallways_thing,
          v_misc_18, nicolae_vaults_cochlea, nicolae_vaults_trapezoid_2,
          layout_vaults_omnicross
Vaults:5: serial_shops, uniq_sojobo
Crypt:1:  layout_rooms, nicolae_crypt_lounge_for_the_living
Crypt:2:  layout_chaotic_city
Crypt:3:  grunt_crypt_end_deaths_head
Tomb:1
Tomb:2
Tomb:3
Depths:1: layout_gridlike, minmay_misc_feat_doors,
          grunt_hell_entry_demonic_statue, serial_sigils_hangedman_stare,
          hangedman_decor_clover_reticule, lemuel_flamethrower_3,
          nicolae_triple_integral
Depths:2: minmay_the_grid_square_5x5_5x5 [minmay_the_grid_square_5x5_bracketed,
          minmay_the_grid_square_5x5_fancy_junction,
          minmay_the_grid_square_5x5_fat_x, minmay_the_grid_square_5x5_inner_v,
          minmay_the_grid_square_5x5_gyroscope,
          minmay_the_grid_square_5x5_checkered_statues,
          minmay_the_grid_square_5x5_prize_deathbox,
          minmay_the_grid_square_5x5_tetrominoes,
          minmay_the_grid_square_5x5_prize_monsterx,
          minmay_the_grid_square_5x5_spiral_small, minmay_the_grid_square_5x5_n,
          minmay_the_grid_square_5x5_two_walls_a,
          minmay_the_grid_square_5x5_prize_snowflake,
          minmay_the_grid_square_5x5_hollow_slash,
          minmay_the_grid_square_5x5_comb, minmay_the_grid_square_5x5_shrine2,
          minmay_the_grid_square_5x5_prize_rear_guard,
          minmay_the_grid_square_5x5_corner,
          minmay_the_grid_square_5x5_prize_pseudospiral,
          minmay_the_grid_square_5x5_dogpile,
          minmay_the_grid_square_5x5_moneybag,
          minmay_the_grid_square_5x5_inverted_slash,
          minmay_the_grid_square_5x5_intrusive_squares,
          minmay_the_grid_square_5x5_bite, minmay_the_grid_square_5x5_detours],
          layout_twisted_cross, enter_ziggurat_f, serial_shops,
          nicolae_stop_n_shop_2, nicolae_ru_sacrificial_ziggurat,
          rand_demon_pan_entry_9, pf_hell_entry_tar_spiral,
          infiniplex_staircase_spiral
Depths:3: hangedman_elemental_death_ray, layout_honeycomb, serial_shops,
          nicolae_shop_advertising_works [nicolae_subvault_shop_adworks],
          grunt_hell_entry_dis_mu, minmay_room_of_horrors
Depths:4: hangedman_pleasuredromes, hell_entry, pan_entry
Hell
Dis:1:    layout_gridville, hangedman_dis_decor_tower
Dis:2:    layout_regular_city
Dis:3:    layout_subdivisions
Dis:4:    layout_jigsaw
Dis:5:    layout_regular_city
Dis:6:    layout_gridville
Dis:7:    dis_hangedman
Geh:1:    layout_gehenna_pools_basic, lemuel_flamethrower_3
Geh:2:    layout_gehenna_pools_triple
Geh:3:    layout_gehenna_pools_triple, nicolae_geh_lavax
Geh:4:    layout_gehenna_lava_caves, nicolae_hells_hurtin_island
Geh:5:    layout_gehenna_lava_caves
Geh:6:    layout_gehenna_pools_basic
Geh:7:    geh_grunt
Coc:1:    layout_ice_bergs
Coc:2:    layout_ice_bergs
Coc:3:    layout_cocytus_water_paths
Coc:4:    nicolae_coc_three_mouths, layout_cocytus_delve
Coc:5:    layout_cocytus_delve
Coc:6:    layout_ice_bergs
Coc:7:    coc_dpeg
Tar:1:    layout_catacombs, nicolae_tar_cuneiform_two, nicolae_tar_combstack
Tar:2:    layout_grid_maze
Tar:3:    layout_catacombs
Tar:4:    layout_honeycomb
Tar:5:    layout_grid_maze, nicolae_tar_cuneiform_three,
          nicolae_tar_four_comb_rooms
Tar:6:    layout_honeycomb
Tar:7:    tar_mu [tar_mu_maze]
Zot:1:    nicolae_zot_draconian_monastery, layout_gridlike
Zot:2:    minmay_elemental_castle, layout_gridlike, regret_index_zotdec_icy_dp,
          uniq_josephina
Zot:3:    layout_basic, basic_altar, regret_index_zotdec_magical_s, st_stairs_12
Zot:4:    layout_onion_interference, evilmike_ambush
          [evilmike_ambush_outer_pillars, evilmike_ambush_inner_basic],
          grunt_megastairs_2
Zot:5:    layout_gridlike, nicolae_transmutations_shop

Skill      XL: |  1  2  3  4  5  6  7  8  9 10 11 12 13 14 15 16 17 18 19 20 21 22 23 24 25 26 27 |
---------------+----------------------------------------------------------------------------------+-----
Short Blades   | 2 3 4 5 6 8 10 11 12 14 17 20 | 20.0
Fighting       | 4 5 7 9 11 13 14 15 16 17 18 20 27 | 27.0
Shields        | 4 5 9 12 13 15 27 | 27.0
Armour         | 3 4 5 6 7 9 11 12 13 14 15 20 | 20.0
Dodging        | 1 2 3 4 8 |  8.0
Spellcasting   | 4 5 6 9 10 12 | 12.9
Evocations     | 3 5 7 8 9 10 12 15 18 | 18.0
Shapeshifting  | 7 14 18 21 23 | 23.0
Polearms       | 18 | 18.1

Action                     |  1- 3 |  4- 6 |  7- 9 | 10-12 | 13-15 | 16-18 | 19-21 | 22-24 | 25-27 || total
---------------------------+-------+-------+-------+-------+-------+-------+-------+-------+-------++-------
  Melee: Rapier            |    36 |       |       |       |   203 |  1799 |  2610 |  2725 |  6177 || 13550
         Bite              |    15 |    42 |   131 |   461 |  1113 |   882 |  1535 |  1782 |  5671 || 11632
         Short sword       |    41 |   120 |   385 |   804 |       |       |       |       |       ||  1350
         Knife             |       |       |       |   165 |  1944 |       |       |       |       ||  2109
         Dagger            |       |       |       |       |    92 |       |       |       |       ||    92
         Quick blade       |       |       |       |       |       |       |       |    87 |       ||    87
         Demon trident     |       |       |       |       |       |       |       |       |  3882 ||  3882
  Throw: Throwing net      |       |       |       |     2 |     1 |       |       |       |     5 ||     8
         Dart              |       |       |       |       |       |       |     1 |     1 |     4 ||     6
 Invoke: Potion Petition   |       |       |       |       |     2 |     6 |     4 |     7 |    45 ||    64
         Call Merchant     |       |       |       |       |       |       |       |     2 |       ||     2
         Bribe Branch      |       |       |       |       |       |       |       |       |     1 ||     1
Ability: Siphon Essence    |       |       |       |       |       |       |       |       |     9 ||     9
         Begin Untransform |       |       |       |       |       |       |       |       |     2 ||     2
  Evoke: Wand              |       |       |     2 |     5 |     6 |       |     3 |     4 |    40 ||    60
         Box of beasts     |       |       |       |     2 |     2 |       |     3 |     2 |     8 ||    17
         Phantom mirror    |       |       |       |       |     1 |       |     3 |     2 |     7 ||    13
         Tin of tremorston |       |       |       |       |     1 |       |       |     1 |     8 ||    10
         Phial of floods   |       |       |       |       |       |       |     1 |       |     1 ||     2
         Lightning rod     |       |       |       |       |       |       |       |     2 |    19 ||    21
    Use: Scroll            |       |     2 |     4 |     9 |    22 |    11 |     9 |    11 |    72 ||   140
         Potion            |       |       |     1 |     2 |     7 |     3 |     8 |     9 |     9 ||    39
   Stab: Held in net/web   |       |       |       |     4 |     1 |       |       |       |    13 ||    18
         Paralysed         |       |       |       |     3 |     3 |       |     3 |     1 |     5 ||    15
         Distracted        |       |       |       |     1 |    12 |    12 |    12 |    22 |    72 ||   131
         Invisible         |       |       |       |       |     3 |       |     1 |       |    14 ||    18
         Petrifying        |       |       |       |       |     1 |       |       |       |       ||     1
         Sleeping          |       |       |       |       |     1 |     2 |       |       |       ||     3
 Armour: Scale mail        |    30 |    80 |   128 |       |       |       |       |       |       ||   238
         Plate armour      |       |       |    86 |   278 |       |   629 |  1140 |  1194 |  3259 ||  6586
         Troll leather arm |       |       |       |   107 |   140 |    72 |       |       |       ||   319
         Chain mail        |       |       |       |    79 |   769 |       |       |       |       ||   848
         Skin              |       |       |       |       |       |       |       |    52 |       ||    52
  Dodge: Dodged            |    27 |    41 |    91 |   218 |  1136 |   528 |   750 |   806 |  2072 ||  5669
  Block: Buckler           |    13 |    19 |    74 |   210 |   490 |    16 |       |       |       ||   822
         Kite shield       |       |       |       |       |       |   712 |  1729 |  1543 |  2089 ||  6073
         Tower shield      |       |       |       |       |       |       |       |       |  6338 ||  6338
   Form: Death             |       |       |       |       |       |       |       |       |     3 ||     3
